 Dungeon Crawl Stone Soup version 0.27.1-37-g7b29ead8ac (console) character file.

Game seed: 14883407023994382637

28 grimtooth the Gusty (level 3, 0/19 HPs)
             Began as a Deep Elf Air Elementalist on Aug 12, 2023.
             Succumbed to an adder's poison
             ... on level 1 of the Dungeon.
             The game lasted 00:03:03 (1521 turns).

grimtooth the Gusty (Deep Elf Air Elementalist)     Turns: 1521, Time: 00:03:03

Health: 0/19       AC:  3    Str:  5    XL:     3   Next: 0%
Magic:  6/9        EV: 12    Int: 20    God:
Gold:   33         SH:  0    Dex: 15    Spells: 7/8 levels left

rFire    . . .     SeeInvis .   b - +1 dagger (vamp)
rCold    . . .     Faith    .   (no shield)
rNeg     . . .     Spirit   .   a - +0 robe
rPois    .         Reflect  .   (no helmet)
rElec    .         Harm     .   d - +0 cloak
rCorr    .         Rampage  .   (no gloves)
Will     .....                  (no boots)
Stlth    ++........             (no amulet)
HPRegen  0.06/turn              (no ring)
MPRegen  0.11/turn              (no ring)

@: mighty, lethally poisoned (0 -> -3)
A: no striking features
a: no special abilities


You were on level 1 of the Dungeon.
You visited 1 branch of the dungeon, and saw 2 of its levels.

You collected 33 gold pieces.

Inventory:

Hand Weapons
 b - a +1 vampiric dagger (weapon)
Armour
 a - a +0 robe (worn)
 d - a +0 cloak (worn)
 h - +0 ice dragon scales
Scrolls
 f - a scroll of teleportation {unknown}
 i - 2 scrolls of identify {unknown}
 j - a scroll of summoning {unknown}
 k - a scroll of noise {unknown}
Potions
 c - a potion of flight {unknown}
 e - a potion of brilliance {unknown}
 g - a potion of might


   Skills:
 - Level 2.4 Dodging
 - Level 2.4 Stealth
 - Level 3.0 Spellcasting
 + Level 2.0 Conjurations
 * Level 3.8 Air Magic


You had 7 spell levels left.
You knew the following spells:

 Your Spells              Type           Power      Damage    Failure   Level
a - Shock                 Conj/Air       56%        1d6       4%          1

Your spell library contained the following spells:

 Spells                   Type           Power      Damage    Failure   Level
 Static Discharge         Conj/Air       14%        N/A       6%          2
 Swiftness                Air            18%        N/A       9%          3
 Airstrike                Air            9%         N/A       28%         4


Dungeon Overview and Level Annotations

Branches:
Dungeon (2/15)

Altars:

Annotations:
D:2 Robin


Message History

The hobgoblin hits you. The goblin hits you but does no damage.
The goblin hits you with a +0 dagger.
* * * LOW HITPOINT WARNING * * *
The adder closely misses you.
Casting: Shock (safe; 4% risk of failure)
Confirm with . or Enter, or press ? or * to list all spells.
Okay, then.
Casting: Shock (safe; 4% risk of failure)
Confirm with . or Enter, or press ? or * to list all spells.
Aiming: Shock (safe; 4% risk of failure)
Press: ? - help, Shift-Dir - straight line, f - hobgoblin
Aim: a hobgoblin (strong, 68% to hit)
The zap hits the adder.
The adder is lightly wounded.
The zap hits the goblin.
You kill the goblin!
The zap hits the hobgoblin.
You kill the hobgoblin!
The adder closely misses you.
You have reached level 3!
Your experience leads to an increase in your attributes!
Increase (S)trength, (I)ntelligence, or (D)exterity?
You feel clever.
Casting: Shock (safe; 4% risk of failure)
Confirm with . or Enter, or press ? or * to list all spells.
Aiming: Shock (safe; 4% risk of failure)
Press: ? - help, Shift-Dir - straight line, f - adder
Aim: an adder (lightly wounded, 53% to hit)
The zap misses the adder.
The adder bites you but does no damage. The adder bites you.
* * * LOW HITPOINT WARNING * * *
You are lethally poisoned!
The adder poisons you!
* * * LOW HITPOINT WARNING * * *
You feel sick.
* * * LOW HITPOINT WARNING * * *
You feel sick.
It was a potion of might.
You feel very mighty all of a sudden.
You die...

......##.#...##.....# ##.######
^#.#..##.#...####.### #.......
..#...##.#...####.# ########
.###..............######### ####
## ##....#...####.........# #...
# ##.###...# #.#######.####.## ##
##........# #.# ##.......#.##
.###..#......####.###........#.#.
#.#...#....>$)...............#...
...#..#..#######S.###............
......#..# ##@.# ##.......#...
.#.##.#..######...####.......#...
.........##..........#.......#...
............#.....##.#.#.#####..#
..........###.....##.#.#.# #...
..................##.#.#.# ##.#
..........###.....##.#.#.# #.#
...............)..##.....######.#
..........####..................#
..................###############
.......#.##########


You could see an adder.

Vanquished Creatures
  3 endoplasms (D:1)
  4 giant cockroaches (D:1)
  4 goblins (D:1)
  3 hobgoblins (D:1)
  A jackal (D:1)
  2 quokkas (D:1)
  A ball python (D:1)
  A bat (D:1)
  A frilled lizard (D:1)
  2 kobolds (D:1)
  2 rats (D:1)
24 creatures vanquished.

Notes
Turn   | Place    | Note
-------+----------+-------------------------------------------
     0 | D:1      | grimtooth the Deep Elf Air Elementalist began the quest for
                  | the Orb.
     0 | D:1      | Reached XP level 1. HP: 10/10 MP: 6/6
   850 | D:1      | Reached XP level 2. HP: 15/15 MP: 5/8
  1510 | D:2      | Noticed Robin
  1518 | D:1      | Reached XP level 3. HP: 6/19 MP: 7/9
  1521 | D:1      | Succumbed to an adder's poison

Illustrated notes

Levels and vault maps discovered:
D:1:      heliophobic_arrival_ceremonial_halls, layout_loops_ring,
          minmay_domino_4
D:2:      minmay_general_purpose_star, layout_basic,
          hellmonk_ecumenical_altar_heavens_door, grunt_decor_arrowhead,
          grunt_ministairs_10, uniq_robin, uniq_natasha

Skill      XL: |  1  2 |
---------------+-------+-----
Conjurations   | 2 |  2.0
Dodging        | |  2.4
Stealth        | |  2.4
Spellcasting   | |  3.0
Air Magic      | |  3.8

Action                   || total
-------------------------++-------
 Cast: Shock             ||    46
  Use: Potion            ||     1
Armor: Robe              ||     4
Dodge: Dodged            ||    11
